AoeStats
← [LCDR] Alone

Arabia

509164903Analyzed
1v1 RM · 7d ago on Sep 25, 2026· 46m 24s· 2 players
Game mode
Random Map
Map size
Tiny (2 player)
Population
200
Speed
Normal
Resources
Standard
Victory
Conquest
Starting age
Dark Age
Ending age
Imperial Age
RankedLock teamsTeams togetherTeam positionsShared explorationLock speedFull tech treeHidden civsTurbo modeCheats
Victory
Defeat
🇧🇷 Huns · Brazil
1840
+19
🇹🇷 Vikings · Türkiye
1909
-19
[LCDR] Alone
6:13 Loom
8:36 Feudal Age
11:32 Double-Bit Axe
17:41 Forging
19:38 Fletching
26:05 Castle Age
25:38 Bloodlines
25:29 Padded Archer Armor
25:56 Gold Mining
26:40 Bodkin Arrow
30:11 Ballistics
31:55 Bow Saw
38:33 Leather Archer Armor
39:07 Husbandry
Okan1080
6:51 Loom
9:15 Feudal Age
9:46 Man-at-Arms
13:05 Double-Bit Axe
19:02 Forging
18:52 Scale Mail Armor
21:07 Fletching
23:11 Padded Archer Armor
25:35 Castle Age
23:33 Horse Collar
25:11 Arson
26:19 Squires
26:34 Chain Mail Armor
30:37 Bow Saw
Connection lost

Rejoining the realm…

Still unreachable

The connection could not be restored.

Session expired

The server has moved on; the page needs a fresh start.